 Dungeon Crawl Stone Soup version 0.28.0 (webtiles) character file.

Game seed: 4241741916595813955

47 raph the Stinger (level 3, -10/24 HPs)
             Began as a Merfolk Venom Mage on Feb 11, 2022.
             Mangled by an ogre (15 damage)
             ... on level 3 of the Dungeon.
             The game lasted 00:04:23 (2508 turns).

raph the Stinger (Merfolk Venom Mage)               Turns: 2508, Time: 00:04:24

Health: -10/24     AC:  2    Str:  8    XL:     3   Next: 70%
Magic:  2/6        EV: 12    Int: 16    God:
Gold:   74         SH:  0    Dex: 14    Spells: 0/6 levels left

rFire   . . .      SeeInvis .   h - +0 spear
rCold   . . .      Faith    .   (no shield)
rNeg    . . .      Spirit   .   a - +0 robe
rPois   .          Reflect  .   (no helmet)
rElec   .          Harm     .   (no cloak)
rCorr   .          Rampage  .   (no gloves)
Will    .....                   (no boots)
Stlth   ++........              (no amulet)
HPRegen 0.08/turn               (no ring)
MPRegen 0.10/turn               (no ring)

@: no status effects
A: (nimble swimmer 2), mertail
a: no special abilities


You were on level 3 of the Dungeon.
You visited 1 branch of the dungeon, and saw 3 of its levels.

You collected 74 gold pieces.

Inventory:

Hand Weapons
 b - a +0 short sword
 h - a +0 spear (weapon)
Armour
 a - a +0 robe (worn)
Scrolls
 e - a scroll of amnesia {unknown}
 f - 2 scrolls of immolation {unknown}
Potions
 c - a potion of heal wounds
 d - a potion of flight {unknown}
 g - 2 potions of attraction {unknown}
 i - a potion of haste {unknown}


   Skills:
 - Level 2.6 Dodging
 - Level 2.1 Stealth
 - Level 2.0 Spellcasting
 + Level 0.6 Conjurations
 - Level 1.3 Transmutations
 + Level 4.8 Poison Magic


You couldn't memorise any spells.
You knew the following spells:

 Your Spells              Type           Power      Damage    Failure   Level
a - Sting                 Tmut/Pois      44%        1d5       6%          1
b - Poisonous Vapours     Pois/Air       18%        N/A       12%         2
c - Mephitic Cloud        Conj/Pois/Air  7%         N/A       28%         3

Your spell library contained the following spells:

 Spells                   Type           Power      Damage    Failure   Level
 Olgreb's Toxic Radiance  Pois           17%        N/A       28%         4
 Inner Flame              Hex/Fire       1%         N/A       52%         3
 Cause Fear               Hex            0%         N/A       90%         4
 Discord                  Hex            0%         N/A       100%        8


Dungeon Overview and Level Annotations

Branches:
Dungeon (3/15)

Altars:

Shops:
D:3 :

Annotations:
D:2 Sigmund, Terence


Innate Abilities, Weirdness & Mutations

((You are very nimble when in or above water. (Stealth+, EV+, Speed+++)))
Your lower body shifts to a powerful aquatic tail in water.


Message History

The ogre shouts!
Casting: Poisonous Vapours (safe; 12% risk of failure)
Confirm with . or Enter, or press ? or * to list all spells.
Aiming: Poisonous Vapours (safe; 12% risk of failure)
Press: ? - help, Dir - move target, f/p - ogre
Aim: an ogre, wielding a +0 giant club (lightly wounded, poisoned) Poisonous vapours surround the ogre!
The ogre looks even sicker.
Casting: Poisonous Vapours (safe; 12% risk of failure)
Confirm with . or Enter, or press ? or * to list all spells.
Aiming: Poisonous Vapours (safe; 12% risk of failure)
Press: ? - help, Dir - move target, f/p - ogre
Aim: an ogre, wielding a +0 giant club (lightly wounded, very poisoned) Poisonous vapours surround the ogre!
The ogre looks even sicker.
Casting: Poisonous Vapours (safe; 12% risk of failure)
Confirm with . or Enter, or press ? or * to list all spells.
You don't have enough magic to cast this spell.
Unknown command.
You see here a bat corpse.
Casting: Poisonous Vapours (safe; 12% risk of failure)
Confirm with . or Enter, or press ? or * to list all spells.
You don't know that spell.
There is an open door here.
Casting: Poisonous Vapours (safe; 12% risk of failure)
Confirm with . or Enter, or press ? or * to list all spells.
Aiming: Poisonous Vapours (safe; 12% risk of failure)
Press: ? - help, Dir - move target, f/p - ogre
Aim: an ogre, wielding a +0 giant club (heavily wounded, poisoned)
You miscast Poisonous Vapours.
You are very lightly contaminated with residual magic.
Nothing appears to happen.
The ogre looks more healthy.
You open the door.
The ogre hits you with a +0 giant club!!
Ouch! That really hurt!
* * * LOW HITPOINT WARNING * * *
Your magical contamination has completely faded away.
There is an open door here.
The ogre hits you with a +0 giant club!
Ouch! That really hurt!
You die...

#........# #####
#.######.# ....#
####.#### #.# ###.#
###.......# #.# # #.#
##.#.##.##.# #.#
###.###....##.##.# #.#
....##..<..##.##.###.#
##.........##..O.....#
###.####.#######@#####
###.# #.# #.# ....# #.#
###รท### ##### ##'##
#.....# ...# ##...##
#.....#####
.#.###.....###.........#
.#.##.......##.....###.#
.#.#.........#......##.#
...'.........#.......#.#


You could see an ogre.

Vanquished Creatures
  2 adders
  5 bats
  An endoplasm (D:1)
  4 hobgoblins
  4 kobolds (D:1)
  3 quokkas
  5 ball pythons
  4 frilled lizards (D:1)
  A goblin (D:1)
  A rat (D:1)
30 creatures vanquished.

Notes
Turn   | Place    | Note
-------+----------+-------------------------------------------
     0 | D:1      | raph the Merfolk Venom Mage began the quest for the Orb.
     0 | D:1      | Reached XP level 1. HP: 13/13 MP: 3/3
   500 | D:1      | Reached XP level 2. HP: 19/19 MP: 3/5
   651 | D:1      | Reached skill level 4 in Poison Magic
   940 | D:1      | Learned a level 2 spell: Poisonous Vapours
  1430 | D:2      | Reached XP level 3. HP: 12/24 MP: 1/6
  1767 | D:2      | Noticed Terence
  1775 | D:2      | Learned a level 3 spell: Mephitic Cloud
  2081 | D:2      | Noticed Sigmund
  2294 | D:3      | Found Kozidghy's Book Shop.
  2460 | D:3      | Noticed an ogre
  2508 | D:3      | Mangled by an ogre

Illustrated notes

Levels and vault maps discovered:
D:1:      lightli_arrival_flooded_house, layout_basic
D:2:      wander_river, layout_rooms, hellmonk_ecumenical_altar_leap_of_faith,
          uniq_terence, uniq_sigmund
D:3:      layout_loops_corners, lightli_temple_of_fire, serial_shops,
          nicolae_diamond_shop

Skill      XL: |  1  2 |
---------------+-------+-----
Poison Magic   | 4 |  4.8
Dodging        | |  2.6
Stealth        | |  2.1
Spellcasting   | |  2.0
Conjurations   | |  0.6
Transmutations | |  1.3

Action                   || total
-------------------------++-------
Melee: Short sword       ||     8
       Spear             ||    11
 Cast: Sting             ||    33
       Poisonous Vapours ||    17
  Use: Scroll            ||     1
Armor: Robe              ||    10
Dodge: Dodged            ||    18
